 Dungeon Crawl Stone Soup version 0.24.0-13-gcf9b319 (webtiles) character file.

Game seed: 3559890191084265005, levelgen mode: deterministic

2116 Bronimir the Stinger (level 9, -6/64 HPs)
             Began as a Formicid Venom Mage on Mar 25, 2020.
             Was a Follower of Okawaru.
             Hit by a boomerang thrown by an orc warrior (18 damage)
             ... on level 6 of the Dungeon.
             The game lasted 00:24:44 (8924 turns).

Bronimir the Stinger (Formicid Venom Mage)          Turns: 8924, Time: 00:24:44

Health: -6/64      AC: -17   Str: 13 (16) XL:     9   Next: 54%
Magic:  15/15      EV: 13    Int: 13 (15) God:    Okawaru [*.....]
Gold:   321        SH:  0    Dex: 11 (13) Spells: 2/16 levels left

rFire    . . .     SeeInvis +   a - +0 halberd
rCold    . . .     Gourm    .   (no shield)
rNeg     . . .     Faith    .   e - +0 leather armour
rPois    .         Spirit   .   (helmet unavailable)
rElec    .         Reflect  .   p - +2 cloak
rCorr    .         Harm     .   F - +0 pair of gloves
MR       .....                  d - +1 pair of boots
Stlth    ++........             (no amulet)
HPRegen  0.20/turn              B - +2 ring of dexterity
MPRegen  0.14/turn              (no ring)

@: marked, corroded
A: permanent stasis, dig shafts and tunnels, four strong arms, antennae 3
a: Dig, Shaft Self, Heroism, Renounce Religion


You were on level 6 of the Dungeon.
You worshipped Okawaru.
Okawaru was aware of your devotion.
You were not hungry.

You visited 2 branches of the dungeon, and saw 8 of its levels.

You collected 321 gold pieces.

Inventory:

Hand Weapons
 a - a +0 halberd (weapon)
 b - a +0 shortbow
 h - a +0 hunting sling
 m - a +0 whip of distortion
 v - a +0 war axe
 x - a +2 hand axe of flaming
 A - a +1 spear of venom
Missiles
 g - 35 sling bullets
 j - 90 stones
 t - 55 bolts
 u - 32 arrows
 w - 39 poisoned darts (quivered)
Armour
 d - a +1 pair of boots (worn)
 e - a +0 leather armour (worn)
 i - a +0 pair of gloves
 l - a +0 robe
 p - a +2 cloak (worn)
 F - a +0 pair of gloves (worn)
Jewellery
 B - a +2 ring of dexterity (left hand)
Wands
 y - a wand of disintegration (2)
 z - a wand of scattershot (2)
 E - a wand of digging (6)
Scrolls
 f - 5 scrolls of identify
 k - 5 scrolls of remove curse
 n - a scroll of amnesia
 r - a scroll of fog
 s - 4 scrolls of immolation
Potions
 q - a potion of brilliance
Comestibles
 c - 5 rations


   Skills:
 + Level 3.4 Fighting
 + Level 0.2 Maces & Flails
 + Level 4.6 Polearms
 + Level 0.2(0.6) Slings
 + Level 1.1 Bows
 + Level 0.8(0.9) Throwing
 * Level 5.0 Armour
 + Level 3.5 Dodging
 - Level 2.4 Stealth
 + Level 4.3 Spellcasting
 + Level 3.3 Conjurations
 * Level 4.1 Hexes
 - Level 0.2 Air Magic
 * Level 7.7 Poison Magic


You had 2 spell levels left.
You knew the following spells:

 Your Spells              Type           Power        Failure   Level  Hunger
a - Sting                 Conj/Pois      ###.         2%          1    None
b - Poisonous Vapours     Pois/Air       ##....       8%          2    ##.....
c - Mephitic Cloud        Conj/Pois/Air  ##......     16%         3    ###....
d - Olgreb's Toxic Radia  Pois           ###.....     11%         4    ####...
e - Corona                Hex            ##.....      4%          1    None
f - Confuse               Hex            ##......     14%         3    ###....

Your spell library contained the following spells:

 Spells                   Type           Power        Failure   Level  Hunger
 Ensorcelled Hibernation  Hex/Ice        #.....       16%         2    ##.....
 Tukima's Dance           Hex            ##......     14%         3    ###....
 Dazzling Spray           Conj/Hex       ##....       16%         3    ###....
 Venom Bolt               Conj/Pois      ###.......   56%         5    ######.


Dungeon Overview and Level Annotations

Branches:
Dungeon (7/15)             Temple (1/1) D:5

Altars:
Ashenzari
Cheibriados
Dithmenos
Elyvilon
Fedhas
Gozag
Hepliaklqana
Kikubaaqudgha
Makhleb
Okawaru
Qazlal
Ru
Sif Muna
Trog
Uskayaw
Vehumet
Wu Jian
Xom
Yredelemnul
Zin
The Shining One


Innate Abilities, Weirdness & Mutations

You cannot be hasted, slowed, berserked, paralysed or teleported.
You can dig through walls and to a lower floor.
Your four strong arms can wield two-handed weapons with a shield.
You have a pair of large antennae on your head. (SInv)


Message History

The boomerang hits you but does no damage.
The weapon returns to the orc warrior!
The rust devil hits you!
* * * LOW HITPOINT WARNING * * *
The rust devil corrodes you!
Evoke which item? (* to show all) (? for menu, Esc to quit)
Aiming: Disintegrate
Press: ? - help, Shift-Dir - straight line, f/p - rust devil
Aim: a rust devil (heavily wounded, chance to defeat MR: 30%)
The rust devil easily resists.
The orc warrior throws a boomerang.
The boomerang misses you.
The weapon returns to the orc warrior!
The rust devil hits you.
* * * LOW HITPOINT WARNING * * *
The rust devil corrodes you!
Evoke which item? (* to show all) (? for menu, Esc to quit)
Aiming: Disintegrate
Press: ? - help, Shift-Dir - straight line, f/p - rust devil
Aim: a rust devil (heavily wounded, chance to defeat MR: 30%)
The rust devil is blasted!
The orc warrior throws a boomerang.
The boomerang hits you!!
You die...

# ##
#)#+#)
#♣.....♣#
#.......##
∩...8.[.@#
#..o...4##
#♣.....♣#
#)#+#) #
##


You could see a rust devil and an orc warrior.

Vanquished Creatures
  Grinder (D:3)
  A hippogriff (D:7)
  A spriggan (D:7)
  A steam dragon (D:7)
  A hungry ghost (D:7)
  2 orc warriors
  A phantom (D:4)
  2 ogres
  A centaur (D:5)
  4 scorpions
  A howler monkey (D:4)
  2 crimson imps (D:4)
  A bullfrog skeleton (D:7)
  3 hounds
  2 orc priests (D:4)
  6 orc wizards
  A worker ant (D:4)
  A worker ant zombie (D:5)
  4 gnolls (D:2)
  4 adders
  An ooze (D:1)
  3 worms
  A dart slug (D:3)
  5 leopard geckos
  11 orcs
  2 ball pythons
  10 bats
  A giant cockroach (D:3)
  6 goblins
  6 hobgoblins
  6 jackals (D:5)
  5 kobolds
  2 quokkas
  5 frilled lizards
  8 rats
112 creatures vanquished.

Notes
Turn   | Place    | Note
-------+----------+-------------------------------------------
     0 | D:1      | Bronimir the Formicid Venom Mage began the quest for the
                  | Orb.
     0 | D:1      | Reached XP level 1. HP: 13/13 MP: 3/3
   398 | D:1      | Reached skill level 1 in Conjurations
   398 | D:1      | Reached XP level 2. HP: 20/20 MP: 3/5
   649 | D:1      | Learned a level 2 spell: Poisonous Vapours
   823 | D:1      | Reached skill level 1 in Fighting
   925 | D:1      | Reached XP level 3. HP: 17/26 MP: 6/6
   943 | D:1      | Learned a level 3 spell: Mephitic Cloud
  1844 | D:2      | Reached skill level 1 in Armour
  1844 | D:2      | Reached XP level 4. HP: 11/32 MP: 0/7
  2327 | D:2      | Reached skill level 5 in Poison Magic
  3410 | D:3      | Reached XP level 5. HP: 35/37 MP: 5/8
  3831 | D:3      | Noticed Grinder
  4005 | D:3      | HP: 1/37 [Grinder/nerve-wracking pain (14)]
  4012 | D:3      | Killed Grinder
  4012 | D:3      | Reached skill level 1 in Polearms
  4012 | D:3      | Reached XP level 6. HP: 12/44 MP: 1/9
  4659 | D:3      | Learned a level 4 spell: Olgreb's Toxic Radiance
  4688 | D:4      | Reached XP level 7. HP: 46/50 MP: 8/11
  4782 | D:4      | Learned a level 1 spell: Corona
  4877 | D:4      | Reached skill level 6 in Poison Magic
  5033 | D:4      | Reached skill level 1 in Hexes
  5706 | D:4      | Reached XP level 8. HP: 49/57 MP: 9/12
  5936 | D:5      | Entered Level 5 of the Dungeon
  5940 | D:5      | Found a staircase to the Ecumenical Temple.
  6352 | Temple   | Entered the Ecumenical Temple
  6495 | Temple   | Became a worshipper of Warmaster Okawaru
  6946 | D:5      | Found a snail-covered altar of Cheibriados.
  7054 | D:5      | Learned a level 3 spell: Confuse
  7161 | D:5      | Reached skill level 7 in Poison Magic
  7164 | D:5      | You fall into a shaft and drop 2 floors!
  7558 | D:7      | Reached XP level 9. HP: 16/62 MP: 7/14
  7815 | D:7      | Noticed a hippogriff
  7933 | D:7      | HP: 1/63 [hippogriff (6)]
  7934 | D:7      | Killed a hippogriff
  7934 | D:7      | Reached * piety under Okawaru
  8376 | D:7      | Reached skill level 1 in Bows
  8845 | D:6      | Noticed a rust devil
  8845 | D:6      | Noticed a rust devil
  8850 | D:6      | Reached skill level 5 in Armour
  8924 | D:6      | Hit by a boomerang thrown by an orc warrior

Levels and vault maps discovered:
D:1:      mrwooster_arrival_arrow, layout_basic, roderic_roman_lattice
D:2:      layout_loops_corners, small_statue_intersection, roderic_lattice_a
D:3:      minmay_chambers_of_threes, layout_loops_ring, first_ration,
          uniq_grinder
D:4:      layout_basic
D:5:      minmay_chambers_of_fours, layout_rooms,
          minmay_temple_entry_large_hall, basic_altar
D:6:      cheibrodos_iron_armory, layout_loops_corners, serial_shops,
          kennysheep_mini_moat, minmay_manual_mares
D:7:      layout_loops_ring, the_bakery, kennysheep_diamond
Temple:   minmay_crystal_snake_temple

Skill      XL: |  1  2  3  4  5  6  7  8  9 |
---------------+----------------------------+-----
Conjurations   | 1 2 3 |  3.3
Fighting       | 1 2 3 |  3.4
Armour         | 1 2 3 4 5 |  5.0
Dodging        | 2 3 |  3.5
Poison Magic   | 5 6 7 |  7.7
Polearms       | 1 2 3 4 |  4.6
Hexes          | 1 3 4 |  4.1
Spellcasting   | 3 4 |  4.3
Bows           | 1 |  1.1
Maces & Flails | |  0.2
Slings         | |  0.2
Throwing       | |  0.8
Stealth        | |  2.4
Air Magic      | |  0.2

Action                   |  1- 3 |  4- 6 |  7- 9 || total
-------------------------+-------+-------+-------++-------
Melee: Short sword       |    77 |       |       ||    77
       Unarmed           |     5 |       |       ||     5
       Mace              |    16 |       |       ||    16
       Halberd           |       |   158 |   232 ||   390
 Fire: Hunting sling     |     9 |     2 |       ||    11
       Shortbow          |       |       |    29 ||    29
Throw: Dart              |       |     7 |     5 ||    12
       Stone             |       |       |     6 ||     6
 Cast: Sting             |    12 |    24 |    15 ||    51
       Poisonous Vapours |     6 |    10 |    36 ||    52
       Mephitic Cloud    |       |     2 |     8 ||    10
       Confuse           |       |       |     4 ||     4
       Olgreb's Toxic Ra |       |       |     3 ||     3
       Corona            |       |       |     1 ||     1
 Abil: Dig               |       |     4 |    10 ||    14
       Shaft Self        |       |       |     1 ||     1
Evoke: Wand              |       |       |     6 ||     6
  Use: Potion            |       |     5 |     1 ||     6
       Scroll            |       |       |     9 ||     9
 Stab: Sleeping          |     4 |     4 |     1 ||     9
       Confused          |       |     2 |     5 ||     7
  Eat: Chunk             |     3 |     8 |     8 ||    19
       Ration            |       |     1 |     5 ||     6
Armor: Leather armour    |    53 |    78 |   108 ||   239
       Robe              |     1 |       |       ||     1
Dodge: Dodged            |   102 |   114 |   213 ||   429
